 Dungeon Crawl Stone Soup version 0.31.0-4-g52a2dc7128 (webtiles) character file.

Game seed: 5911587617043086838

101955 shadowrider38 the Convoker (level 15, -11/108 HPs)
             Began as a Vampire Fire Elementalist on Jan 22, 2024.
             Was the Champion of Nemelex Xobeh.
             Killed from afar by a shock serpent (22 damage)
             ... with a bolt of electricity
             ... on level 1 of the Snake Pit.
             The game lasted 01:06:03 (43341 turns).

shadowrider38 the Convoker (VpFE)                  Turns: 43341, Time: 01:06:03

Health: -11/108    AC: 14    Str:  7    XL:     15   Next: 84%
Magic:  2/29       EV: 14    Int: 37    God:    Nemelex Xobeh [******]
Gold:   37         SH:  5    Dex: 15    Spells: 3/34 levels left

rFire   + + .        a - +5 broad axe "Huri Edd" {flame, Int+6}
rCold   . . .        l - +0 buckler
rNeg    + . .        x - +4 robe of the Saviour {rF++ rN+}
rPois   +            y - +1 helmet
rElec   .            g - +2 cloak
rCorr   .            (no gloves)
SInv    +            L - +2 pair of boots
Will    +....        p - amulet of magic regeneration
Stlth   ++++++       v - +6 ring of intelligence
HPRegen 0.58/turn    o - ring of poison resistance
MPRegen 0.61/turn

%: no passive effects
@: lethally poisoned (-11 -> -13), elixired, forested, healing quickly, studying
2 skills
A: alive, fangs 3, see invisible, vampiric 2
a: Exsanguinate, Renounce Religion, Draw Escape, Draw Destruction, Draw
Summoning, Draw Stack, Triple Draw, Deal Four, Stack Five


You were on level 1 of the Snake Pit.
You worshipped Nemelex Xobeh.
Nemelex Xobeh was exalted by your worship.
You visited 5 branches of the dungeon, and saw 24 of its levels.
You also visited: Ice Cave.

You collected 2733 gold pieces.
You spent 2696 gold pieces at shops.

Inventory:

Hand Weapons
 a - the +5 broad axe "Huri Edd" (weapon) {flame, Int+6}
   (You found it on level 4 of the Lair of Beasts)

   Int+6:     It affects your intelligence (+6).
 G - a +5 rapier of freezing
 O - the +3 rapier "Peekhung" {speed, +Blink Will+ Str+7}
   (You found it on level 9 of the Dungeon)

   Str+7:     It affects your strength (+7).
   Will+:     It increases your willpower.
   +Blink:    It lets you blink.
Missiles
 F - 13 curare-tipped darts
 Z - a throwing net
Armour
 g - a +2 cloak (worn)
 l - a +0 buckler (worn)
 x - the +4 robe of the Saviour (worn) {rF++ rN+}
   (You bought it in a shop on level 4 of the Dungeon)

   rF++:      It greatly protects you from fire.
   rN+:       It protects you from negative energy.
 y - a +1 helmet (worn)
 L - a +2 pair of boots (worn)
 Y - a +0 kite shield of reflection {Donald}
Magical Staves
 J - a staff of cold
Jewellery
 c - a ring of protection from cold
 d - an amulet of the acrobat
 e - a +5 ring of evasion
 m - a ring of willpower
 o - a ring of poison resistance (right hand)
 p - an amulet of magic regeneration (around neck)
 v - a +6 ring of intelligence (left hand)
Wands
 C - a wand of mindburst (26)
 D - a wand of digging (12)
 I - a wand of iceblast (9)
 P - a wand of paralysis (12)
 V - a wand of flame (33)
Scrolls
 f - 6 scrolls of noise
 h - 5 scrolls of fog
 n - 2 scrolls of enchant weapon
 r - 5 scrolls of fear
 t - a scroll of enchant armour
 u - 4 scrolls of vulnerability
 w - a scroll of amnesia
 A - 2 scrolls of brand weapon
 B - a scroll of blinking
 M - a scroll of acquirement {unknown}
 R - a scroll of revelation
 T - 10 scrolls of teleportation
Potions
 b - a potion of magic
 i - 6 potions of mutation
 j - 4 potions of might
 k - 7 potions of attraction
 q - 3 potions of heal wounds
 s - a potion of resistance
 z - 2 potions of ambrosia
 E - 3 potions of invisibility
 H - 4 potions of haste
 N - a potion of lignification
 Q - 6 potions of curing
 S - 2 potions of enlightenment
 U - a potion of cancellation
 W - 4 potions of brilliance
Miscellaneous
 K - a phantom mirror
 X - a box of beasts


   Skills:
 + Level 7.2 Fighting
 - Level 6.0 Dodging
 - Level 15.6 Stealth
 - Level 6.0 Shields
 - Level 10.0 Spellcasting
 - Level 0.6 Conjurations
 * Level 17.1 Summonings
 - Level 8.0 Translocations
 - Level 7.0 Fire Magic
 - Level 3.0 Ice Magic
 - Level 10.0 Invocations
 - Level 0.3 Shapeshifting


You had 3 spell levels left.
You knew the following spells:

 Your Spells              Type           Power      Damage    Failure   Level
a - Monstrous Menagerie   Summ           49%        N/A       2%          7
b - Scorch                Fire           100%       2d9       1%          2
c - Call Canine Familiar  Summ           98%        N/A       0%          3
d - Summon Blazeheart Go  Fire/Summ      82%        N/A       1%          4
e - Summon Ice Beast      Ice/Summ       75%        N/A       1%          3
f - Malign Gateway        Summ/Tloc      42%        N/A       16%         7
F - Summon Forest         Summ/Tloc      42%        N/A       1%          5

Your spell library contained the following spells:

 Spells                   Type           Power      Damage    Failure   Level
 Summon Small Mammal      Summ           100%       N/A       0%          1
 Foxfire                  Conj/Fire      100%       2x1d9     1%          1
 Volatile Blastmotes      Fire/Tloc      100%       2d18      1%          3
 Inner Flame              Hex/Fire       44%        N/A       2%          3
 Sandblast                Erth           36%        2d10      3%          1
 Jinxbite                 Hex            36%        N/A       4%          2
 Mercury Vapours          Alch/Air       36%        N/A       4%          2
 Hailstorm                Conj/Ice       31%        3d8       4%          3
 Dazzling Flash           Conj/Hex       40%        N/A       9%          3
 Mephitic Cloud           Conj/Alch/Air  19%        N/A       9%          3
 Stone Arrow              Conj/Erth      40%        3d9       9%          3
 Passwall                 Erth           18%        N/A       10%         3
 Tukima's Dance           Hex            18%        N/A       10%         3
 Summon Hydra             Summ           49%        N/A       2%          7
 Iskenderun's Mystic Bla  Conj/Tloc      50%        2d11      5%          4
 Dimensional Bullseye     Hex/Tloc       24%        N/A       6%          4
 Vhi's Electric Charge    Tloc/Air       96%        N/A       6%          4
 Flame Wave               Conj/Fire      46%        2d12      7%          4
 Brom's Barrelling Bould  Conj/Erth      20%        2d4       28%         4
 Freezing Cloud           Conj/Ice/Air   13%        6-21      50%         5
 Iskenderun's Battlesphe  Conj           22%        2d8       56%         5
 Spellforged Servitor     Conj/Summ      35%        N/A       58%         7
 Arcjolt                  Conj/Air       10%        1d20      63%         5
 Curse of Agony           Necr           18%        N/A       65%         5
 Silence                  Hex/Air        9%         N/A       65%         5
 Yara's Violent Unravell  Hex/Alch       9%         3d6       65%         5
 Plasma Beam              Fire/Air       22%        2x1d34    75%         6
 Sculpt Simulacrum        Ice/Alch       14%        N/A       95%         6
 Bombard                  Conj/Erth      10%        9d2       99%         6
 Eringya's Noxious Bog    Alch           9%         4d6       99%         6
 Enfeeble                 Hex            9%         N/A       100%        7
 Maxwell's Capacitive Co  Air            9%         ∞         100%        8


Dungeon Overview and Level Annotations

Branches:
Dungeon (15/15) Zot: 23488  Temple (1/1) D:6 Zot: 5998    Lair (5/5) D:9 Zot: 18916
 Shoals (0/4) Lair:2        Snake (1/4) Lair:3 Zot: 5977   Slime (0/5) Lair:5
    Orc (2/2) D:10 Zot: 9078     Elf (0/3) Orc:2        Vaults (0/5) D:14
 Depths (0/4) D:15          IceCv (visited)

Altars:
Ashenzari
Cheibriados
Dithmenos
Fedhas
Gozag
Hepliaklqana
Kikubaaqudgha
Makhleb
Nemelex Xobeh
Okawaru
Qazlal
Ru
Sif Muna
Trog
Uskayaw
Vehumet
Wu Jian
Xom
Yredelemnul
Jiyva

Shops:
D:4 =[:   D:5 ?**?   Orc:1 (*=**   Orc:2 *(*!

Annotations:
D:3 exclusion: downstairs
D:8 exclusion: downstairs
D:11 1 runed translucent door
D:14 exclusion: downstairs
Lair:4 exclusion: downstairs


Innate Abilities, Weirdness & Mutations

Your natural rate of healing is accelerated.
You have razor-sharp teeth.
You have supernaturally acute eyesight. (SInv)
You are afflicted with vampirism and can become a bat while bloodless.


Message History

You feel sick.
Your blazeheart golem's core flares to life once more.
The shock serpent bites you! The shock serpent shocks you!
The mana viper bites your manticore. The mana viper bites you.
You feel your power leaking away.
The mana viper bites your eldritch tentacle!
Your eldritch tentacle slaps the mana viper!!
The mana viper appears confused.
Your eldritch tentacle barely misses the mana viper.
The naga mage hits your manticore with a +0 club.
The naga mage grabs your manticore.
The naga mage constricts your manticore.
The shock serpent bites you!
* * * LOW HITPOINT WARNING * * *
The shock serpent shocks you!
* * * LOW HITPOINT WARNING * * *
The mana viper bites your manticore!
The mana viper bites your eldritch tentacle!
Your manticore bites the mana viper!!
Your manticore claws the mana viper!
The mana viper dies!
The black mamba bites you but does no damage.
The mana viper bites you!
* * * LOW HITPOINT WARNING * * *
Okay, then.
You feel much better.
You feel sick.
Your eldritch tentacle barely misses the mana viper.
Your eldritch tentacle claws the mana viper!!!
The mana viper dies!
The black mamba bites you!
* * * LOW HITPOINT WARNING * * *
The naga mage hits your manticore with a +0 club!
The naga mage constricts your manticore.
The shock serpent shoots out a bolt of lightning at you!
The bolt of electricity hits you!
* * * LOW HITPOINT WARNING * * *
The mana viper bites you.
* * * LOW HITPOINT WARNING * * *
You feel your power leaking away.
Your manticore bites the naga mage!
The naga mage dies!
Your blazeheart golem closely misses the mana viper.
Okay, then.
Okay, then.
You draw a card...
You have drawn the Elixir.
You begin rapidly regenerating health and magic.
You feel sick. The black mamba closely misses you.
The shock serpent shoots out a bolt of lightning at you!
The bolt of electricity hits you!!
You die...
Your body disappears without a glow.

. #♣ .. ♣+♣+#+♣
..♣♣
..#♣..>..♣#...♣♣#
..')......).....
♣♣...9@.#..♣
+...8SSS)..♣
#....)H)♣..#
+..*....'(.♣
♣♣.w..)#♣..#
♣)#+♣'♣ ..# ...
... #♣ ..... ....
.#.. .#..#.


You could see a shock serpent, a mana viper, a black mamba (ally target), a
friendly eldritch tentacle, a friendly manticore (summoned) and a friendly
blazeheart golem (summoned).

Vanquished Creatures
  Donald (Orc:2)
  2 hydras (Lair:5)
  3 ogre magi (Orc:2)
  A catoblepas (Lair:5)
  A centaur warrior (D:9)
  2 boulder beetles (D:12)
  5 two-headed ogres
  A death yak (Lair:5)
  A tengu warrior (D:9)
  A skyshark (Lair:2)
  A glowing orange brain (shapeshifter) (Orc:2)
  A wolf spider (D:9)
  3 manticores
  An orc knight (Orc:1)
  A cyclops (D:12)
  Maurice (D:10)
  An elephant (Lair:3)
  A black mamba (Lair:5)
  4 komodo dragons
  A cane toad (Lair:2)
  3 unseen horrors
  A freezing wraith (D:9)
  A rime drake (Lair:1)
  4 trolls
  A raiju (Orc:2)
  Sigmund (D:2)
  2 spriggans (D:12)
  A vampire (D:12)
  2 slime creatures
  A shadow (D:10)
  3 wyverns
  A steam dragon (D:7)
  2 basilisks
  35 yaks
  2 nagas (Lair:3)
  Edmund (D:5)
  5 water moccasins
  An acid dragon (D:12)
  2 ice beasts
  4 orc warriors
  A black bear (Lair:3)
  4 ogres
  2 centaurs
  A kobold brigand (D:8)
  6 bullfrogs
  3 scorpions (D:5)
  2 killer bees (D:9)
  An electric eel (D:8)
  2 bombardier beetles
  3 hounds
  6 orc priests
  A gnoll bouda (D:7)
  A jelly (D:5)
  A sleepcap (D:5)
  Jessica (D:2)
  Terence (D:2)
  6 iguanas
  12 orc wizards
  5 gnolls
  4 adders
  3 shadow imps
  A white imp (D:6)
  3 ufetubi
  7 dart slugs
  3 ribbon worms
  28 orcs
  8 endoplasms
  3 giant cockroaches
  5 goblins
  6 hobgoblins
  9 kobolds
  2 quokkas (D:1)
  7 ball pythons
  3 bats
  5 frilled lizards
  4 rats
  3 snaplasher vines
269 creatures vanquished.

Vanquished Creatures (collateral kills)
  Louise (D:14)
  A stone giant (D:15)
  2 vault guards (D:14)
  3 hydras
  Erolcha (D:11)
  3 catoblepae (Lair:5)
  An ironbound frostheart (D:14)
  13 two-headed ogres
  7 centaur warriors
  5 boulder beetles
  3 death yaks (Lair:5)
  2 naga warriors (Snake:1)
  A tengu warrior (D:15)
  A naga sharpshooter (Snake:1)
  A hell knight (D:15)
  A skyshark (Lair:4)
  Lodul (D:14)
  2 arcanists
  A naga ritualist (Snake:1)
  5 mana vipers (Snake:1)
  A necromancer (D:15)
  A deep elf pyromancer (D:14)
  An orc knight (D:14)
  A lindwurm (Lair:4)
  3 cyclopes
  3 manticores
  7 ugly things
  4 elephants
  2 kobold blastminers (Orc:1)
  10 black mambas
  4 naga magi (Snake:1)
  6 cane toads
  5 komodo dragons
  Psyche (D:11)
  3 rime drakes
  A kobold demonologist (D:12)
  4 efreet
  A freezing wraith (IceCv)
  A tengu conjurer (D:15)
  4 polar bears (Lair:3)
  5 trolls
  10 slime creatures
  A centaur simulacrum (D:15)
  A shadow (D:11)
  3 wraiths
  6 spriggans (D:12)
  A dire elephant simulacrum (IceCv)
  34 yaks
  3 wyverns
  4 basilisks
  A warg (Orc:2)
  A wyvern (shapeshifter) (D:9)
  A death yak simulacrum (IceCv)
  2 vampires
  A human (D:14)
  8 vampire mosquitoes
  A naga (Lair:3)
  9 water moccasins
  2 acid dragons
  12 orc warriors
  7 black bears
  28 ogres
  5 wolves (Lair:5)
  10 centaurs
  A kobold brigand (D:9)
  12 bullfrogs
  2 gnoll sergeants
  3 cane toad simulacra (IceCv)
  4 killer bees (D:9)
  2 elephant simulacra (IceCv)
  13 orc priests
  A gnoll bouda (D:7)
  13 orc wizards
  3 nameless horrors
  7 gnolls
  An adder (Orc:2)
  An ufetubus (D:7)
  41 orcs
  An endoplasm (Orc:2)
  A quokka (Orc:2)
  3 kobolds (D:9)
383 creatures vanquished.

Vanquished Creatures (others)
  An orc wizard (Orc:1)
  75 blazeheart cores
  535 foxfires
  11 snaplasher vines
622 creatures vanquished.

Grand Total: 1274 creatures vanquished

Notes
Turn   | Place    | Note
-------+----------+-------------------------------------------
     0 | D:1      | shadowrider38 the Vampire Fire Elementalist began the quest
                  | for the Orb.
     0 | D:1      | Reached XP level 1. HP: 13/13 MP: 3/3
   376 | D:1      | Reached skill level 3 in Fire Magic
   376 | D:1      | Reached XP level 2. HP: 17/19 MP: 0/5
   686 | D:1      | Learned a level 2 spell: Scorch
  1658 | D:2      | Gained mutation: You are afflicted with vampirism and can
                  | become a bat while bloodless. [Vampire growth]
  1658 | D:2      | Reached XP level 3. HP: 24/24 MP: 1/6
  1711 | D:2      | Noticed Terence
  1920 | D:2      | Noticed Jessica
  1926 | D:2      | Killed Jessica
  2284 | D:2      | Reached XP level 4. HP: 31/31 MP: 3/7
  2896 | D:3      | Found a sparkling altar of Nemelex Xobeh.
  2942 | D:3      | Became a worshipper of Nemelex Xobeh the Trickster
  3326 | D:3      | Found a burning altar of Makhleb.
  3347 | D:3      | Found a faded altar of an unknown god.
  4106 | D:3      | Found a sparkling altar of Nemelex Xobeh.
  4207 | D:3      | Found a faded altar of an unknown god.
  4280 | D:3      | Found a burning altar of Makhleb.
  4466 | D:4      | Found Ipyesus's Jewellery Boutique.
  4813 | D:4      | Found Hirup's Book Emporium.
  4995 | D:4      | Reached * piety under Nemelex Xobeh
  5442 | D:4      | Reached XP level 5. HP: 38/38 MP: 0/8
  5674 | D:4      | Received a gift from Nemelex Xobeh
  5780 | D:4      | Found Tugaoz's Antique Armour Shoppe.
  6116 | D:5      | Entered Level 5 of the Dungeon
  6217 | D:5      | Reached skill level 3 in Spellcasting
  6368 | D:5      | Found a broken altar of Ashenzari.
  6368 | D:5      | Found a stormy altar of Qazlal.
  6391 | D:5      | Found Pised's Magic Scroll Boutique.
  6392 | D:5      | Noticed an ogre
  6584 | D:5      | Found Harec's General Store.
  6589 | D:5      | Reached XP level 6. HP: 44/44 MP: 1/10
  6736 | D:5      | Noticed Edmund
  6750 | D:5      | Killed Edmund
  6879 | D:5      | Reached XP level 7. HP: 49/50 MP: 2/13
  7694 | D:4      | Bought a book of Callings for 264 gold pieces
  7769 | D:5      | Found Uloniuxt's Magic Scroll Emporium.
  7821 | D:5      | Found a hide-covered altar of Uskayaw.
  7883 | D:5      | Found Zedaonesm's General Store.
  7889 | D:5      | Bought a scroll of teleportation for 39 gold pieces
  8179 | D:2      | Killed Terence
  8279 | D:2      | Reached skill level 1 in Summonings
  8335 | D:2      | Reached ** piety under Nemelex Xobeh
  8345 | D:2      | Noticed Sigmund
  8351 | D:2      | Killed Sigmund
  8352 | D:2      | Reached skill level 3 in Summonings
  8846 | D:5      | Reached skill level 4 in Summonings
  9049 | D:5      | Reached XP level 8. HP: 56/56 MP: 9/14
  9145 | D:5      | Bought a scroll of fear for 52 gold pieces
  9236 | D:5      | Found Pised's Magic Scroll Boutique.
  9292 | D:5      | Found a broken altar of Ashenzari.
  9318 | D:5      | Found Uloniuxt's Magic Scroll Emporium.
  9362 | D:5      | Found Harec's General Store.
  9527 | D:5      | Found a hide-covered altar of Uskayaw.
  9571 | D:5      | Found Zedaonesm's General Store.
  9728 | D:5      | Found a stormy altar of Qazlal.
  9996 | D:6      | Reached skill level 5 in Summonings
 10108 | D:5      | Learned a level 3 spell: Call Canine Familiar
 10113 | D:5      | Learned a level 4 spell: Summon Blazeheart Golem
 10137 | D:6      | Found a staircase to the Ecumenical Temple.
 10303 | Temple   | Entered the Ecumenical Temple
 10425 | D:6      | Reached skill level 6 in Summonings
 10519 | D:6      | Received a gift from Nemelex Xobeh
 10901 | D:6      | Reached skill level 7 in Summonings
 11524 | D:7      | Reached skill level 8 in Summonings
 12267 | D:7      | Reached XP level 9. HP: 48/61 MP: 1/15
 12805 | D:4      | Bought a translucent robe for 119 gold pieces
 12805 | D:4      | Identified the +4 robe of the Saviour {rF++ rN+} (You
                  | bought it in a shop on level 4 of the Dungeon)
 13068 | D:7      | Received a gift from Nemelex Xobeh
 13200 | D:7      | Reached *** piety under Nemelex Xobeh
 13543 | D:7      | Learned a level 3 spell: Summon Ice Beast
 14032 | D:8      | Reached skill level 9 in Summonings
 14037 | D:8      | Noticed a two-headed ogre
 14051 | D:8      | Killed a two-headed ogre
 14317 | D:8      | Identified the +0 leather armour of the Desert {+Inv Dex+2}
 14677 | D:8      | Found a snail-covered altar of Cheibriados.
 14681 | D:8      | Found an iron altar of Okawaru.
 14685 | D:8      | Found an opulent altar of Gozag.
 14816 | D:9      | Found a staircase to the Lair.
 14951 | D:9      | Received a gift from Nemelex Xobeh
 15152 | D:9      | Noticed a black mamba
 15153 | D:9      | Noticed a tengu warrior
 15266 | D:9      | Found an ornate altar of the Wu Jian Council.
 15268 | D:9      | Reached **** piety under Nemelex Xobeh
 15275 | D:9      | Noticed a troll
 15341 | D:9      | Reached XP level 10. HP: 67/67 MP: 3/18
 15344 | D:9      | Reached skill level 3 in Ice Magic
 15353 | D:9      | Reached skill level 3 in Dodging
 15353 | D:9      | Reached skill level 10 in Summonings
 15615 | D:9      | Killed a tengu warrior
 15798 | D:9      | Noticed a centaur warrior
 15810 | D:9      | Killed a centaur warrior
 16074 | D:5      | Bought a scroll of teleportation for 36 gold pieces
 16074 | D:5      | Bought a scroll of fog for 48 gold pieces
 16191 | D:9      | Reached skill level 3 in Fighting
 16361 | D:9      | Noticed a cyclops
 16365 | D:9      | Noticed a wolf spider
 16374 | D:9      | Killed a wolf spider
 16670 | D:9      | Identified the +3 rapier "Peekhung" {speed, +Blink Will+
                  | Str+7}
 16759 | D:9      | Reached skill level 3 in Invocations
 16906 | D:9      | Got Asmodeus's Commentary on the Throng
 17470 | D:10     | Entered Level 10 of the Dungeon
 17488 | D:10     | Found a shadowy altar of Dithmenos.
 17566 | D:10     | Found a sacrificial altar of Ru.
 17688 | D:10     | Noticed Maurice
 17725 | D:10     | Reached XP level 11. HP: 77/77 MP: 5/20
 17801 | D:10     | Killed Maurice
 18195 | D:10     | Noticed a two-headed ogre
 18209 | D:10     | Killed a two-headed ogre
 18416 | D:10     | Received a gift from Nemelex Xobeh
 18545 | D:10     | Found a staircase to the Orcish Mines.
 19959 | Lair:1   | Entered Level 1 of the Lair of Beasts
 20103 | Lair:1   | Reached skill level 15 in Stealth
 20617 | Lair:1   | Reached ***** piety under Nemelex Xobeh
 20679 | Lair:1   | You fall into a shaft and drop 1 floor!
 20979 | Lair:1   | Received a gift from Nemelex Xobeh
 21199 | Lair:1   | Reached skill level 3 in Translocations
 21725 | Lair:2   | Reached skill level 11 in Summonings
 21778 | Lair:2   | Received a gift from Nemelex Xobeh
 21880 | Lair:2   | Reached XP level 12. HP: 78/83 MP: 11/21
 21942 | Lair:2   | Learned a level 5 spell: Summon Forest
 22195 | Lair:2   | Found a bloodstained altar of Trog.
 22464 | Lair:2   | Received a gift from Nemelex Xobeh
 22955 | Lair:2   | Found a staircase to the Shoals.
 23168 | Lair:3   | Noticed a boulder beetle
 23465 | Lair:3   | Received a gift from Nemelex Xobeh
 24072 | Lair:3   | Reached skill level 12 in Summonings
 24279 | Lair:3   | Noticed a five-headed hydra
 24361 | Lair:3   | Killed a five-headed hydra
 24671 | Lair:3   | Found a staircase to the Snake Pit.
 25040 | Lair:3   | Noticed a five-headed hydra
 25047 | Lair:3   | Killed a five-headed hydra
 25247 | Lair:3   | Killed a boulder beetle
 25586 | Lair:3   | Reached skill level 13 in Summonings
 26107 | Lair:4   | Received a gift from Nemelex Xobeh
 26197 | Lair:4   | Identified the +5 broad axe "Huri Edd" {flame, Int+6}
 26216 | Lair:4   | Noticed a four-headed hydra
 26221 | Lair:4   | Killed a four-headed hydra
 26231 | Lair:4   | Reached XP level 13. HP: 88/88 MP: 11/22
 26282 | Lair:4   | Found a frozen archway.
 26393 | IceCv    | Entered an ice cave
 26393 | IceCv    | Received a gift from Nemelex Xobeh
 27650 | Lair:4   | Received a gift from Nemelex Xobeh
 28004 | Lair:5   | Entered Level 5 of the Lair of Beasts
 28021 | Lair:4   | Reached skill level 14 in Summonings
 28346 | Lair:5   | Found a staircase to the Slime Pits.
 28346 | Lair:5   | Found a viscous altar of Jiyva.
 29313 | Lair:5   | Learned a level 7 spell: Monstrous Menagerie
 29454 | Lair:5   | Received a gift from Nemelex Xobeh
 31570 | Orc:1    | Entered Level 1 of the Orcish Mines
 31588 | Orc:1    | Found Kiekh's Antique Weapon Shop.
 31610 | Orc:1    | Reached XP level 14. HP: 64/100 MP: 12/25
 31905 | Orc:1    | Found Funejimn's General Store.
 32197 | Orc:1    | Found Ecsuowai's Jewellery Shop.
 32317 | Orc:1    | Found Tachonky's General Store.
 32321 | Orc:1    | Found Ecafew's Specific Store.
 32329 | Orc:1    | Bought a scroll of teleportation for 45 gold pieces
 32329 | Orc:1    | Bought a potion of brilliance for 60 gold pieces
 32329 | Orc:1    | Bought 2 potions of brilliance for 120 gold pieces
 32362 | Orc:2    | Entered Level 2 of the Orcish Mines
 32363 | Orc:2    | Noticed Donald
 32369 | Orc:2    | Received a gift from Nemelex Xobeh
 32375 | Orc:2    | Killed Donald
 32561 | Orc:2    | Found a staircase to the Elven Halls.
 33155 | Orc:2    | Received a gift from Nemelex Xobeh
 33865 | Orc:2    | Found Sigosm's General Store.
 33886 | Orc:2    | Reached skill level 9 in Invocations
 33971 | Orc:2    | Found Ishrizuof's General Store.
 33972 | Orc:2    | Found Kysile's Distillery.
 33972 | Orc:2    | Found Fashrab's Antique Weapon Shoppe.
 33980 | Orc:2    | Bought a potion of haste for 160 gold pieces
 33982 | Orc:2    | Bought a scroll of enchant armour for 97 gold pieces
 34138 | Orc:1    | Found Bexkehuv's Armour Emporium.
 34603 | D:11     | Received a gift from Nemelex Xobeh
 34888 | D:11     | Noticed Erolcha
 34902 | D:11     | Killed Erolcha
 35007 | D:11     | Received a gift from Nemelex Xobeh
 35226 | D:4      | Bought a +6 ring of intelligence for 396 gold pieces
 35436 | D:11     | Found a runed translucent door.
 35441 | D:11     | Noticed Psyche
 35442 | D:11     | Noticed a sphinx
 35443 | D:11     | Found the +3 crown of Dyrovepreva {rElec Int+2 SInv}
 35453 | D:11     | Killed Psyche
 35704 | D:11     | Reached ****** piety under Nemelex Xobeh
 36323 | D:12     | Received a gift from Nemelex Xobeh
 36826 | D:12     | Received a gift from Nemelex Xobeh
 37817 | D:13     | Found an ornate altar of the Wu Jian Council.
 38287 | D:13     | Reached XP level 15. HP: 105/105 MP: 27/27
 39057 | D:13     | Reached skill level 15 in Summonings
 39415 | D:14     | Noticed Louise
 39418 | D:14     | Reached skill level 9 in Spellcasting
 39428 | D:14     | Killed Louise
 39713 | D:14     | You fall into a shaft and drop 1 floor!
 39713 | D:15     | Entered Level 15 of the Dungeon
 39942 | D:14     | Received a gift from Nemelex Xobeh
 40113 | D:14     | Noticed Lodul
 40121 | D:14     | Killed Lodul
 40817 | D:14     | Found a gate to the Vaults.
 40949 | D:14     | Learned a level 7 spell: Malign Gateway
 41065 | D:15     | Received a gift from Nemelex Xobeh
 41122 | D:15     | Reached skill level 16 in Summonings
 41404 | D:15     | Found a hazy altar of Hepliaklqana.
 41562 | D:15     | Found a staircase to the Depths.
 42997 | D:4      | Bought a manual of Fighting for 960 gold pieces
 43142 | Orc:1    | Bought a ring of poison resistance for 300 gold pieces
 43319 | Snake:1  | Entered Level 1 of the Snake Pit
 43334 | Snake:1  | Reached skill level 17 in Summonings
 43340 | Snake:1  | HP: 3/108 [shock serpent/bolt of electricity (15)]
 43341 | Snake:1  | Killed from afar by a shock serpent

Illustrated notes

Levels and vault maps discovered:
D:1:      minmay_arrival_split_and_join, layout_basic, grunt_decor_resistance
D:2:      layout_basic, uniq_terence, uniq_jessica, uniq_sigmund
D:3:      minmay_general_purpose_star, layout_basic, old_standard_altar,
          old_standard_altar, nemelex_xobeh_ov_fountains_minmay,
          ebering_ecumenical_altar_abandoned
D:4:      layout_basic, serial_shops, nicolae_shop_hallway_stairs,
          nicolae_shop_just_a_little_nook, kennysheep_mini_moat
D:5:      layout_basic, gammafunk_temple_overflow_statue, amcnicky_altar_gilded,
          serial_shops, shop, shop, shop, nicolae_shop_rolling_square,
          minmay_misc_feat_alley, uniq_edmund
D:6:      layout_rooms, minmay_temple_entry_slanted
D:7:      layout_layer_cave
D:8:      layout_basic, grunt_temple_overflow_diamond, serial_bayou_pond_e,
          fountainhead
D:9:      minmay_shrinking_squares, layout_irregular_city,
          mainiacjoe_overflow_catwalk, lair_entry_dummy
D:10:     layout_grid_maze, mainiacjoe_overflow_alcove_2,
          grunt_dithmenos_shadows, david_orc_5, uniq_maurice
D:11:     layout_irregular_city, minmay_st_funbox, uniq_psyche, uniq_erolcha
D:12:     kb_forest_paths, layout_basic
D:13:     layout_loops_ring, nicolae_wu_jian_wuxing_cycle
D:14:     layout_roguey, hellmonk_vaults_keyhole,
          nicolae_elevator_lobby_asterisk, uniq_lodul, uniq_louise
D:15:     hangedman_depths_entry_civil_slaughter, layout_loops_ring,
          nicolae_hepliaklqana_hazy_memory
Temple:   nicolae_temple_bog_church
Lair:1:   layout_regular_city, grunt_megastairs_1
Lair:2:   layout_regular_city, elwin_shoals_entry_rocks, basic_altar
Lair:3:   beast_lair_carwin_large_1, layout_long_grid,
          guppyfry_snake_entry_island
Lair:4:   layout_hall_layers, portal_ice_cave_entry_pillars_2, serial_rivers,
          chequers_serial_rivers_marsh, chequers_serial_rivers_micro_e,
          chequers_serial_rivers_large_b, chequers_serial_rivers_small_3,
          chequers_serial_rivers_large_a
Lair:5:   evilmike_catoblepas_cave, layout_small_grid, slime_entry_1
Snake:1:  layout_onion_interference, evilmike_ambush
          [evilmike_ambush_outer_doors, evilmike_ambush_inner_basic], uniq_aizul
Orc:1:    layout_diamond_mine, serial_shops, nicolae_square_shop,
          nicolae_shop_peninsula, shop, nicolae_shop_gaudy_bauble,
          nicolae_specific_store
Orc:2:    st_orc_ogre_mass, layout_diamond_mine, special_room, basic_altar,
          uniq_donald

Skill      XL: |  1  2  3  4  5  6  7  8  9 10 11 12 13 14 15 |
---------------+----------------------------------------------+-----
Fire Magic     | 3 4 5 6 7 |  7.0
Fighting       | 2 4 6 7 |  7.2
Spellcasting   | 3 4 5 6 7 8 10 | 10.0
Summonings     | 4 8 9 10 11 13 14 17 | 17.1
Ice Magic      | 2 3 |  3.0
Shields        | 1 4 6 |  6.0
Dodging        | 4 6 |  6.0
Invocations    | 4 5 10 | 10.0
Stealth        | 5 15 | 15.6
Translocations | 3 7 8 |  8.0
Conjurations   | |  0.6
Shapeshifting  | |  0.3

Action                     |  1- 3 |  4- 6 |  7- 9 | 10-12 | 13-15 || total
---------------------------+-------+-------+-------+-------+-------++-------
  Melee: Dagger            |     1 |     8 |       |       |       ||     9
         Mace              |       |     3 |     4 |     6 |       ||    13
         Bite              |       |     1 |       |    15 |     9 ||    25
         Punch             |       |       |     1 |       |       ||     1
         Rapier            |       |       |       |   111 |       ||   111
         Broad axe         |       |       |       |       |    63 ||    63
         Staff             |       |       |       |       |     8 ||     8
  Throw: Dart              |       |     2 |     2 |       |       ||     4
   Cast: Foxfire           |    69 |   117 |   116 |    16 |       ||   318
         Scorch            |       |    17 |    87 |    39 |     6 ||   149
         Call Canine Famil |       |       |    18 |    60 |   108 ||   186
         Summon Blazeheart |       |       |    11 |    85 |   145 ||   241
         Summon Ice Beast  |       |       |     5 |    53 |   100 ||   158
         Summon Forest     |       |       |       |    16 |    71 ||    87
         Monstrous Menager |       |       |       |       |    25 ||    25
         Malign Gateway    |       |       |       |       |     1 ||     1
 Invoke: Draw Summoning    |       |       |     1 |       |     1 ||     2
         Stack Five        |       |       |       |     1 |       ||     1
         Draw Escape       |       |       |       |       |     2 ||     2
         Triple Draw       |       |       |       |       |     2 ||     2
         Draw Stack        |       |       |       |       |     1 ||     1
  Evoke: Wand              |       |       |       |       |     2 ||     2
    Use: Scroll            |       |       |     6 |    12 |    11 ||    29
         Potion            |       |       |       |       |     2 ||     2
   Stab: Distracted        |       |       |       |     3 |     5 ||     8
         Sleeping          |       |       |       |     1 |     1 ||     2
 Armour: Robe              |     5 |    13 |    10 |   102 |   180 ||   310
         Leather armour    |       |     6 |    42 |       |       ||    48
  Dodge: Dodged            |     8 |    37 |    76 |   189 |   284 ||   594
  Block: Buckler           |       |       |     1 |    41 |    63 ||   105
